 Dungeon Crawl Stone Soup version 0.27-a0-1144-g0b7d3b79db (webtiles) character file.

Game seed: 9928745785359264956

82 5858lvr the Sneak (level 4, -1/25 HPs)
             Began as a Kobold Enchanter on May 10, 2021.
             Slain by a hound (3 damage)
             ... on level 3 of the Dungeon.
             The game lasted 00:17:59 (4017 turns).

5858lvr the Sneak (Kobold Enchanter)                Turns: 4017, Time: 00:18:00

Health: -1/25      AC:  3    Str:  5    XL:     4   Next: 70%
Magic:  0/8        EV: 15    Int: 17    God:
Gold:   73         SH:  0    Dex: 15    Spells: 2/8 levels left

rFire    . . .     SeeInvis .   a - +1 dagger
rCold    . . .     Faith    .   (shield restricted)
rNeg     . . .     Spirit   .   b - +0 robe
rPois    .         Reflect  .   g - +1 hat
rElec    .         Harm     .   (no cloak)
rCorr    .         Rampage  .   (no gloves)
Will     .....                  (no boots)
Stlth    ++++......             (no amulet)
HPRegen  0.08/turn              (no ring)
MPRegen  0.11/turn              (no ring)

@: very slightly contaminated
A: small, no large weapons, nightstalker 3
a: no special abilities


You were on level 3 of the Dungeon.
You visited 1 branch of the dungeon, and saw 3 of its levels.

You collected 73 gold pieces.

Inventory:

Hand Weapons
 a - a +1 dagger (weapon)
 l - a +2 vorpal mace
 n - a +0 flail
Missiles
 i - 33 stones
 k - 27 poisoned darts
Armour
 b - a +0 robe (worn)
 c - a +0 chain mail
 e - a +0 leather armour
 g - a +1 hat (worn)
 h - a +0 tower shield
 j - a +0 robe
 m - a +0 tower shield
Potions
 d - a potion of invisibility
 f - a potion of degeneration
 o - a potion of brilliance
 p - a potion of curing {unknown}
 q - a potion of mutation {unknown}
 r - 2 potions of flight {unknown}


   Skills:
 + Level 1.2 Fighting
 * Level 3.2 Short Blades
 + Level 3.1 Dodging
 + Level 4.8 Stealth
 + Level 2.6 Spellcasting
 - Level 3.0 Hexes


You had 2 spell levels left.
You knew the following spells:

 Your Spells              Type           Power      Damage    Failure   Level
a - Corona                Hex            13%        N/A       5%          1
b - Ensorcelled Hibernat  Hex/Ice        14%        N/A       14%         2
c - Tukima's Dance        Hex            12%        N/A       16%         3

Your spell library contained the following spells:

 Spells                   Type           Power      Damage    Failure   Level
 Confusing Touch          Hex            12%        N/A       16%         3
 Dazzling Flash           Conj/Hex       14%        N/A       28%         3


Dungeon Overview and Level Annotations

Branches:
Dungeon (3/15)

Altars:


Innate Abilities, Weirdness & Mutations

You are small and have problems with some larger weapons.
You are completely attuned to the shadows.


Message History

You hit the hound but do no damage.
The hound is lightly wounded.
The hound bites you. The hound closely misses you.
You closely miss the hound.
The hound is lightly wounded.
The hound closely misses you.
You hit the hound but do no damage.
The hound is lightly wounded.
The hound bites you.
You hit the hound.
The hound is moderately wounded.
The hound misses you. The hound completely misses you.
You hit the hound.
The hound is moderately wounded.
The hound bites you. The hound bites you.
Casting: Tukima's Dance (quite dangerous; 16% risk of failure)
Confirm with . or Enter, or press ? or * to list all spells.
Aiming: Ensorcelled Hibernation (safe; 14% risk of failure)
Press: ? - help, Shift-Dir - straight line, f - hound
Aim: a hound (moderately wounded, chance to affect: 48%)
The hound resists with some effort.
The hound misses you.
Casting: Ensorcelled Hibernation (safe; 14% risk of failure)
Confirm with . or Enter, or press ? or * to list all spells.
Aiming: Ensorcelled Hibernation (safe; 14% risk of failure)
Press: ? - help, Shift-Dir - straight line, f/p - hound
Aim: a hound (moderately wounded, chance to affect: 48%)
You miscast Ensorcelled Hibernation.
You are very lightly contaminated with residual magic.
Nothing appears to happen.
The hound bites you.
* * * LOW HITPOINT WARNING * * *
The hound bites you.
* * * LOW HITPOINT WARNING * * *
Casting: Ensorcelled Hibernation (safe; 14% risk of failure)
Confirm with . or Enter, or press ? or * to list all spells.
You don't have enough magic to cast this spell.
You closely miss the hound.
The hound is moderately wounded.
The hound bites you.
You die...

#..## .... ####..##
...)...+ #h.#
#@.### #..#..
.#####..#.#### #.#
.............. #.#
.# .#####.##.####
#.#..#
...........###.#..#
##................#
#..†...#..###.#.##
#.........# #.#.#


You could see a hound.

Vanquished Creatures
  A hound (D:2)
  2 worms
  2 dart slugs
  An orc (D:3)
  2 bats
  3 endoplasms (D:1)
  3 giant cockroaches
  3 goblins
  2 hobgoblins
  2 quokkas (D:1)
  4 ball pythons
  2 frilled lizards (D:2)
  2 kobolds (D:1)
  6 rats
35 creatures vanquished.

Vanquished Creatures (collateral kills)
  A gnoll (D:1)
1 creature vanquished.

Vanquished Creatures (others)
  A rat (D:3)
1 creature vanquished.

Grand Total: 37 creatures vanquished

Notes
Turn   | Place    | Note
-------+----------+-------------------------------------------
     0 | D:1      | 5858lvr the Kobold Enchanter began the quest for the Orb.
     0 | D:1      | Reached XP level 1. HP: 10/10 MP: 3/3
   901 | D:1      | Reached XP level 2. HP: 11/15 MP: 0/5
   969 | D:1      | Learned a level 2 spell: Ensorcelled Hibernation
  1608 | D:1      | Reached XP level 3. HP: 10/20 MP: 4/6
  1778 | D:1      | Learned a level 3 spell: Tukima's Dance
  1888 | D:1      | Found a faded altar of an unknown god.
  2858 | D:2      | Reached skill level 1 in Fighting
  2858 | D:2      | Reached XP level 4. HP: 25/25 MP: 4/7
  4017 | D:3      | Slain by a hound

Illustrated notes

Levels and vault maps discovered:
D:1:      dpeg_arrival_simpleton_b, layout_loops_corners,
          hellmonk_ecumenical_altar_inner_sanctum
D:2:      layout_basic, chequers_serial_rivers_room_a, minmay_liquid_box,
          minmay_3d_cube
D:3:      layout_basic, elyvilon_altar_4, grunt_temple_overflow_open,
          minmay_close_crescents, uniq_crazy_yiuf_cottage

Skill      XL: |  1  2  3 |
---------------+----------+-----
Short Blades   | 2 3 |  3.2
Fighting       | 1 |  1.2
Dodging        | 3 |  3.1
Stealth        | |  4.8
Spellcasting   | |  2.6
Hexes          | |  3.0

Action                   |  1- 3 |  4- 6 || total
-------------------------+-------+-------++-------
Melee: Dagger            |   109 |    39 ||   148
 Cast: Corona            |    24 |     9 ||    33
       Ensorcelled Hiber |    19 |    11 ||    30
       Tukima's Dance    |     2 |     2 ||     4
  Use: Scroll            |     2 |     4 ||     6
 Stab: Sleeping          |    11 |     5 ||    16
Armor: Robe              |    14 |     7 ||    21
Dodge: Dodged            |    69 |    24 ||    93

Table legend: (Time is in decaauts)
 A = Elapsed time spent in this place.
 B = Non-inter-level travel time spent in this place.
 C = Inter-level travel time spent in this place.
 D = Time resting spent in this place.
 E = Time spent auto-exploring this place.
 F = Levels seen in this place.
 G = Mean time per level.
                   A        B        C        D        E       F      G
               +--------+--------+--------+--------+--------+-----+--------+
         Total |   4001 |   3924 |     77 |   1601 |   1875 |   3 | 1333.7 |
       Dungeon |   4001 |   3924 |     77 |   1601 |   1875 |   3 | 1333.7 |
               +--------+--------+--------+--------+--------+-----+--------+

Top non-repeatable levels by time:
     D:1: 2364 daAuts
     D:2: 1358 daAuts
     D:3: 278 daAuts
